 Dungeon Crawl Stone Soup version 0.27-a0-562-g0d39f094a4 (webtiles) character file.

Game seed: 795258317577336771

36 Kryptos the Skirmisher (level 3, -1/29 HPs)
             Began as a Demonspawn Abyssal Knight on Mar 9, 2021.
             Was a Follower of Lugonu.
             Slain by Terence
             ... wielding a +0 mace
              (2 damage)
             ... on level 2 of the Dungeon.
             The game lasted 00:03:00 (1759 turns).

Kryptos the Skirmisher (Demonspawn Abyssal Knight)  Turns: 1759, Time: 00:03:01

Health: -1/29      AC:  5    Str: 13    XL:     3   Next: 19%
Magic:  5/5        EV:  8    Int: 13    God:    Lugonu [*.....]
Gold:   136        SH:  0    Dex: 10    Spells: 2/2 levels left

rFire    . . .     SeeInvis .   a - +1 spear
rCold    . . .     Faith    .   (no shield)
rNeg     + . .     Spirit   .   c - +0 pearl dragon scales
rPois    .         Reflect  .   (no helmet)
rElec    .         Harm     .   (no cloak)
rCorr    .         Rampage  .   (no gloves)
Will     .....                  (no boots)
Stlth    ..........             (no amulet)
HPRegen  0.09/turn              (no ring)
MPRegen  0.09/turn              (no ring)

@: no status effects
A: hooves 1, clumsy 1, deformed body, ignite blood 1, MP-powered wands
a: Renounce Religion, Depart the Abyss


You were on level 2 of the Dungeon.
You worshipped Lugonu.
Lugonu was aware of your devotion.
You visited 1 branch of the dungeon, and saw 2 of its levels.
You visited the Abyss 1 time.

You collected 136 gold pieces.

Inventory:

Hand Weapons
 a - a +1 spear (weapon)
Armour
 b - a +0 leather armour
 c - +0 pearl dragon scales (worn)


   Skills:
 + Level 3.3 Fighting
 + Level 2.3 Polearms
 + Level 2.1 Armour
 + Level 1.2 Dodging
 + Level 0.3 Stealth
 + Level 2.7 Invocations


You had 2 spell levels left.
You didn't know any spells.
Your spell library was empty.

Dungeon Overview and Level Annotations

Branches:
Dungeon (2/15)

Altars:

Annotations:
D:2 Terence


Innate Abilities, Weirdness & Mutations

Your demonic aura sometimes causes spilled blood to erupt in flames You have large cloven feet.
You are clumsy. (Dex -2)
Armour fits poorly on your strangely shaped body.
You expend magic power (3 MP) to strengthen your wands.


Message History

The worm barely misses you.
You hit Terence but do no damage.
Terence is moderately wounded.
Terence hits you with a +0 mace.
You hit Terence.
Terence is heavily wounded.
Terence hits you with a +0 mace. The worm bites you!
You are too injured to fight recklessly!
You are too injured to fight recklessly!
You are too injured to fight recklessly!
You are too injured to fight recklessly!
You are too injured to fight recklessly!
You are too injured to fight recklessly!
You are too injured to fight recklessly!
You hit Terence but do no damage.
Terence is heavily wounded.
Terence hits you with a +0 mace.
You closely miss Terence.
Terence is heavily wounded.
The worm bites you.
* * * LOW HITPOINT WARNING * * *
Terence hits you but does no damage.
You barely miss Terence.
Terence is heavily wounded.
Terence hits you but does no damage. The worm bites you.
* * * LOW HITPOINT WARNING * * *
You aren't carrying any potions.
As you read the scroll labelled VOUFRI UFUGOXA, it crumbles to dust.
It is a scroll of identify.
You don't have any unidentified items.
You hit the worm.
The worm is moderately wounded.
Terence shouts, "DIE!!!"
Terence hits you with a +0 mace.
* * * LOW HITPOINT WARNING * * *
The worm barely misses you.
You hit the worm but do no damage.
The worm is moderately wounded.
Terence hits you with a +0 mace.
You die...

.....# #....#....##
.....###....#.....#
#......#....#...#.########
..........................
#......##...#####..####.##
##.....###### ##.# .....#
#.## .....# ####..# .....#
#.@w..# ###### #@##..# #.
#...# #$ ..#.# #..###..#
#.. .... .. #...# .. #..#


You could see Terence and a worm.

Vanquished Creatures
  2 dart slugs
  A leopard gecko (D:1)
  9 bats (D:1)
  2 giant cockroaches
  A goblin (D:1)
  4 hobgoblins (D:1)
  5 kobolds
  A quokka (D:2)
  A ball python (D:1)
26 creatures vanquished.

Notes
Turn   | Place    | Note
-------+----------+-------------------------------------------
     0 | Abyss:1  | Kryptos the Demonspawn Abyssal Knight began the quest for
                  | the Orb.
     0 | Abyss:1  | Reached XP level 1. HP: 18/18 MP: 2/2
    79 | Abyss:1  | Found a corrupted altar of Lugonu.
    96 | Abyss:1  | Noticed an orange demon
   104 | D:1      | Escaped the Abyss
   270 | D:1      | Gained mutation: Armour fits poorly on your strangely
                  | shaped body. [potion of mutation]
   270 | D:1      | Gained mutation: You are clumsy. (Dex -2) [potion of
                  | mutation]
   270 | D:1      | Gained mutation: You have large cloven feet. [potion of
                  | mutation]
   270 | D:1      | Gained mutation: You expend magic power (3 MP) to
                  | strengthen your wands. [potion of mutation]
   592 | D:1      | Gained mutation: Your demonic aura sometimes causes spilled
                  | blood to erupt in flames [demonic ancestry]
   592 | D:1      | Reached XP level 2. HP: 23/24 MP: 3/3
   656 | D:1      | Reached * piety under Lugonu
  1168 | D:1      | Reached skill level 1 in Dodging
  1422 | D:1      | Reached XP level 3. HP: 29/29 MP: 5/5
  1744 | D:2      | Noticed Terence
  1758 | D:2      | HP: 1/29 [Terence/+0 mace (4)]
  1759 | D:2      | Slain by Terence

Illustrated notes

Levels and vault maps discovered:
D:1:      dpeg_arrival_long_road, layout_basic
D:2:      layout_basic, uniq_natasha, uniq_terence

Skill      XL: |  1  2 |
---------------+-------+-----
Armour         | 2 |  2.1
Polearms       | 2 |  2.3
Dodging        | 1 |  1.2
Fighting       | |  3.3
Stealth        | |  0.3
Invocations    | |  2.7

Action                   || total
-------------------------++-------
Melee: Spear             ||   107
       Kick              ||    15
Invok: Depart the Abyss  ||     1
  Use: Potion            ||     2
       Scroll            ||     1
Armor: Pearl dragon scal ||    42
Dodge: Dodged            ||    31

Table legend: (Time is in decaauts)
 A = Elapsed time spent in this place.
 B = Non-inter-level travel time spent in this place.
 C = Inter-level travel time spent in this place.
 D = Time resting spent in this place.
 E = Time spent auto-exploring this place.
 F = Levels seen in this place.
 G = Mean time per level.
                   A        B        C        D        E       F      G
               +--------+--------+--------+--------+--------+-----+--------+
         Total |   1758 |   1752 |      6 |      0 |   1543 |   3 |  586.0 |
       Dungeon |   1653 |   1647 |      6 |      0 |   1447 |   2 |  826.5 |
         Abyss |    104 |    104 |      0 |      0 |     96 |   1 |  104.0 |
               +--------+--------+--------+--------+--------+-----+--------+

Top non-repeatable levels by time:
     D:1: 1397 daAuts
     D:2: 256 daAuts
 Abyss:1: 104 daAuts
